 Dungeon Crawl Stone Soup version 0.27-a0-95-g5a9077b8ae (webtiles) character file.

Game seed: 11509081281814936742

68 knot the Chopper (level 4, 49/52 HPs)
             Began as a Demonspawn Berserker on Jan 19, 2021.
             Was a Believer of Trog.
             Quit the game on level 2 of the Dungeon.
             The game lasted 00:01:15 (1107 turns).

knot the Chopper (Demonspawn Berserker)             Turns: 1107, Time: 00:01:16

Health: 49/52      AC:  5    Str: 18    XL:     4   Next: 1%
Magic:  4/4        EV: 11    Int:  9    God:    Trog [**....]
Gold:   43         SH:  0    Dex: 12    Spells: 3/3 levels left

rFire    . . .     SeeInvis .   a - +0 hand axe
rCold    . . .     Faith    .   (no shield)
rNeg     . . .     Spirit   +   l - +0 ring mail
rPois    .         Reflect  .   (no helmet)
rElec    .         Harm     .   (no cloak)
rCorr    .         Rampage  .   (no gloves)
Will     .....                  (no boots)
Stlth    ..........             g - amulet of the acrobat
HPRegen  0.17/turn              (no ring)
MPRegen  0.09/turn              (no ring)

@: berserking (expiring), very quick
A: magic shield, miasma immunity
a: Renounce Religion, Berserk, Trog's Hand


You were on level 2 of the Dungeon.
You worshipped Trog.
Trog was pleased with you.
You visited 1 branch of the dungeon, and saw 2 of its levels.

You collected 43 gold pieces.

Inventory:

Hand Weapons
 a - a +0 hand axe (weapon)
Missiles
 c - a throwing net
 d - 93 sling bullets
 e - 109 stones
 f - 13 poisoned darts
Armour
 l - a +0 ring mail (worn)
Jewellery
 g - an amulet of the acrobat (around neck)
Scrolls
 k - a scroll of amnesia {unknown}
 m - a scroll of fog {unknown}
Potions
 b - a potion of lignification {unknown}
 h - a potion of resistance
 i - a potion of degeneration {unknown}
 j - a potion of haste {unknown}


   Skills:
 - Level 3.0 Fighting
 + Level 4.4 Axes
 - Level 1.7 Armour
 - Level 1.7 Dodging


You had 3 spell levels left.
You didn't know any spells.
Your spell library was empty.

Dungeon Overview and Level Annotations

Branches:
Dungeon (2/15)

Altars:


Innate Abilities, Weirdness & Mutations

When hurt, damage is shared between your health and your magic reserves.
You are immune to miasma.


Message History

Your ring mail prevents you from hitting the gnoll.
The gnoll is severely wounded.
A gnoll comes into view. It is wielding a +0 halberd.
You closely miss the gnoll.
The gnoll is severely wounded.
The gnoll shouts!
You hit the gnoll. The gnoll completely misses you.
A gnoll comes into view.
The gnoll completely misses you.
The gnoll shouts!
You slash the gnoll!
You kill the gnoll!
Trog accepts your kill.
You hit the gnoll.
You hear a bark!
You hear a shout!
A jackal comes into view.
You have reached level 4!
You feel stronger.
Your demonic ancestry asserts itself...
You feel immune to miasma.
Are you sure you want to abandon this character and quit the game? (Confirm with "yes".) h.# gg#

# #.# #. #.#
###.###.#
.......h#
#.....g†#
#......@#
#...>...#####.#
#.............#
#....>..#####.#
###.###.# #.#
#.# #.# #.# #.#
#.# #.# #.#


You could see 3 gnolls and 2 jackals.

Vanquished Creatures
  An adder (D:2)
  2 gnolls
  A leopard gecko (D:1)
  A ball python (D:1)
  2 bats (D:1)
  3 giant cockroaches (D:1)
  5 goblins (D:1)
  8 hobgoblins (D:1)
  3 jackals (D:1)
  5 frilled lizards (D:1)
  3 kobolds (D:1)
  4 rats (D:1)
38 creatures vanquished.

Notes
Turn   | Place    | Note
-------+----------+-------------------------------------------
     0 | D:1      | knot the Demonspawn Berserker began the quest for the Orb.
     0 | D:1      | Reached XP level 1. HP: 18/18 MP: 1/1
    35 | D:1      | Reached skill level 3 in Axes
    38 | D:1      | Gained mutation: When hurt, damage is shared between your
                  | health and your magic reserves. [demonic ancestry]
    38 | D:1      | Reached XP level 2. HP: 10/24 MP: 2/2
   480 | D:1      | Reached XP level 3. HP: 25/29 MP: 3/3
   603 | D:1      | Reached ** piety under Trog
   655 | D:1      | Reached skill level 4 in Axes
  1107 | D:2      | Gained mutation: You are immune to miasma. [demonic
                  | ancestry]
  1107 | D:2      | Reached XP level 4. HP: 35/35 MP: 4/4
  1107 | D:2      | Quit the game

Illustrated notes

Levels and vault maps discovered:
D:1:      nicolae_arrival_washed_ashore, layout_loops_ring
D:2:      minmay_chambers_of_ones, layout_rooms,
          nicolae_ru_the_path_less_chosen, roderic_lattice_a,
          grunt_ministairs_3, minmay_fractal_squares_5

Skill      XL: |  1  2  3 |
---------------+----------+-----
Axes           | 3 4 |  4.4
Fighting       | |  3.0
Armour         | |  1.7
Dodging        | |  1.7

Action                   |  1- 3 |  4- 6 || total
-------------------------+-------+-------++-------
Melee: Hand axe          |    84 |       ||    84
Invok: Berserk           |     2 |       ||     2
 Stab: Sleeping          |     2 |       ||     2
Armor: Animal skin       |     2 |       ||     2
       Ring mail         |    11 |       ||    11
Dodge: Dodged            |    66 |       ||    66

Table legend: (Time is in decaauts)
 A = Elapsed time spent in this place.
 B = Non-inter-level travel time spent in this place.
 C = Inter-level travel time spent in this place.
 D = Time resting spent in this place.
 E = Time spent auto-exploring this place.
 F = Levels seen in this place.
 G = Mean time per level.
                   A        B        C        D        E       F      G
               +--------+--------+--------+--------+--------+-----+--------+
         Total |   1121 |   1083 |     38 |    220 |    667 |   2 |  560.5 |
       Dungeon |   1121 |   1083 |     38 |    220 |    667 |   2 |  560.5 |
               +--------+--------+--------+--------+--------+-----+--------+

Top non-repeatable levels by time:
     D:1: 1059 daAuts
     D:2: 61 daAuts
